 Dungeon Crawl Stone Soup version 0.20.0-10-g0535bb4 (webtiles) character file.

26 Hasart the Ogre Mage (level 3, 0/33 HPs)
             Began as an Ogre Wizard on June 4, 2017.
             Slain by a kobold
             ... wielding a +0 short sword
              (1 damage)
             ... on level 1 of the Dungeon.
             The game lasted 00:03:00 (1262 turns).

Hasart the Ogre Mage (Ogre Wizard)                  Turns: 1262, Time: 00:03:01

Health: 0/33       AC:  3    Str: 11    XL:     3   Next: 8%
Magic:  1/8        EV: 10    Int: 20    God:
Gold:   85         SH:  0    Dex:  7    Spells: 5/10 levels left

rFire    . . .     SeeInvis .   i - +0 whip
rCold    . . .     Gourm    .   (no shield)
rNeg     . . .     Faith    .   a - +0 robe
rPois    .         Spirit   .   b - +0 hat
rElec    .         Reflect  .   (no cloak)
rCorr    .         Harm     .   (gloves unavailable)
MR       .....                  (boots unavailable)
Stlth    +.........             (no amulet)
Regen    0.2/turn               (no ring)
MPRegen  0.2/turn               (no ring)

@: no status effects
A: unfitting armour, tough skin 1
a: no special abilities


You were on level 1 of the Dungeon.
You were not hungry.

You visited 1 branch of the dungeon, and saw 2 of its levels.

You collected 85 gold pieces.

Inventory:

Hand Weapons
 i - a +0 whip (weapon)
Armour
 a - a +0 robe (worn)
 b - a +0 hat (worn)
Scrolls
 f - 2 scrolls of identify {unknown}
 g - a scroll of amnesia {unknown}
 k - a scroll of noise {unknown}
 m - a scroll of fear {unknown}
 n - a scroll of teleportation {unknown}
Potions
 e - a potion of lignification {unknown}
 j - a potion of resistance {unknown}
 o - a potion of cancellation {unknown}
Books
 c - a book of Minor Magic

   Spells                             Type                      Level
   a - Magic Dart                     Conjuration                  1
   b - Blink                          Translocation                2
   c - Call Imp                       Summoning                    2
   d - Slow                           Hexes                        2
   e - Conjure Flame                  Conjuration/Fire             3
   f - Mephitic Cloud                 Conjuration/Poison/Air       3
Comestibles
 d - 3 bread rations
 h - 2 fruits
 l - a royal jelly


   Skills:
 + Level 1.3 Fighting
 - Level 1.7 Dodging
 - Level 1.4 Stealth
 * Level 4.1 Spellcasting
 + Level 1.6 Conjurations
 + Level 0.8 Summonings
 - Level 0.8 Translocations


You had 5 spell levels left.
You knew the following spells:

 Your Spells              Type           Power        Failure   Level  Hunger
a - Magic Dart            Conj           ##..         6%          1    None
b - Blink                 Tloc           N/A          14%         2    #......
c - Call Imp              Summ           #.......     14%         2    #......


Dungeon Overview and Level Annotations

Branches:
Dungeon (2/15)

Altars:


Innate Abilities, Weirdness & Mutations

You are too large for most types of armour.
You have tough skin. (AC +1)


Message History

The kobold hits you with a short sword.
* * * LOW HITPOINT WARNING * * *
Casting: Magic Dart
Confirm with . or Enter, or press ? or * to list all spells.
Aiming: Magic Dart
Press: ? - help, Shift-Dir - straight line, f - kobold
Aim: a kobold, wielding a short sword (moderately wounded)
The magic dart hits the kobold.
The kobold is severely wounded.
The kobold hits you with a short sword.
* * * LOW HITPOINT WARNING * * *
Casting: Magic Dart
Confirm with . or Enter, or press ? or * to list all spells.
Aiming: Magic Dart
Press: ? - help, Shift-Dir - straight line, f/p - kobold
Aim: a kobold, wielding a short sword (severely wounded)
The magic dart hits the kobold.
The kobold is severely wounded.
The kobold hits you with a short sword.
You die...

#..............#
#...(..........#
######.........#
#.........#
#.........#
#.........#
#.........##
##########...........
#>†.@K........>......
#.#####.....###......
#.#.........###......
#....................
#.#.........###......
#.#...........#......
#.###.#######.#......
#.# #.# #.#...... #.#
#.# #.#######


You could see a kobold.

Vanquished Creatures
  An ooze (D:1)
  A dart slug (D:2)
  A leopard gecko (D:2)
  4 bats (D:1)
  2 giant cockroaches (D:1)
  2 jackals
  A ball python (D:1)
  A frilled lizard (D:1)
  4 kobolds (D:1)
  3 rats
20 creatures vanquished.

Vanquished Creatures (others)
  A frilled lizard (D:1)
1 creature vanquished.

Grand Total: 21 creatures vanquished

Notes
Turn   | Place    | Note
-------+----------+-------------------------------------------
     0 | D:1      | Hasart the Ogre Wizard began the quest for the Orb.
     0 | D:1      | Reached XP level 1. HP: 16/16 MP: 5/5
    42 | D:1      | Reached skill level 1 in Conjurations
   258 | D:1      | Reached XP level 2. HP: 26/26 MP: 2/6
   462 | D:1      | Reached skill level 1 in Fighting
  1073 | D:2      | Reached skill level 4 in Spellcasting
  1077 | D:2      | Learned a level 2 spell: Blink
  1080 | D:2      | Learned a level 2 spell: Call Imp
  1217 | D:1      | Reached XP level 3. HP: 22/33 MP: 1/8
  1261 | D:1      | HP: 1/33 [kobold/short sword (4)]
  1262 | D:1      | Slain by a kobold

Skill      XL: |  1  2 |
---------------+-------+-----
Conjurations   | 1 |  1.6
Fighting       | 1 |  1.3
Spellcasting   | 4 |  4.1
Dodging        | |  1.7
Stealth        | |  1.4
Summonings     | |  0.8
Translocations | |  0.8

Action                   || total
-------------------------++-------
Melee: Whip              ||    45
 Cast: Magic Dart        ||    46
 Stab: Sleeping          ||     1
  Eat: Chunk             ||     1
Armor: Robe              ||    35
Dodge: Dodged            ||    38
